Map: Newkirk Precinct TE (Void)

Players

Fropez - Winner!

  • Race: Protoss Protoss
  • League: Gold
  • Spawn Location: 7:00

A.I. 1 (Medium)

  • Race: Terran Terran
  • Spawn Location: 5:00

VOD

Have the link to the VOD?

Description

Time

  • Played on: Dec. 12, 2016, 7 p.m.
  • Length: 2:36
Show
View Real Time Build Order
Export as new Build Order

Fropez Protoss - Winner!

Build Orders: Cannon Rush 

Get SALT Encoding   

  12  0:01  Probe (Chrono Boost)  
  13  0:11  Probe (Chrono Boost)  
  14  0:18  Pylon  
  14  0:23  Probe (Chrono Boost)  
  15  0:36  Probe (Chrono Boost)  
  15  0:40  Forge  
  16  0:46  Probe (Chrono Boost)  
  17  0:55  Gateway  
  17  0:57  Probe (Chrono Boost)  
  18  1:07  Pylon  
  18  1:12  Pylon  
  18  1:20  Pylon  
  18  1:23  Probe (Chrono Boost)  
  19  1:34  Photon Cannon  
  19  1:43  Photon Cannon  
  19  1:51  Photon Cannon  
  19  2:03  Photon Cannon  
  19  2:14  Photon Cannon  
  19  2:20  Photon Cannon  
  19  2:28  Pylon  
Show
View Real Time Build Order
Export as new Build Order

A.I. 1 (Medium) Terran 

Build Orders:  

Get SALT Encoding   

  12  0:00  SCV  
  13  0:13  SCV  
  14  0:20  Supply Depot  
  14  0:25  SCV  
  15  0:42  SCV  
  16  0:44  Barracks  
  16  0:49  Refinery  
  16  0:54  SCV  
  17  1:06  SCV  
  18  1:19  Supply Depot  
  18  1:31  Marine  
  19  1:33  Orbital Command  
  19  1:49  Marine, Barracks  
  20  1:54  Refinery  
  20  2:07  Barracks Tech Lab  
  16  2:18  Factory  
Tags
 
Add a new tag
Caveats
  • Supply blocks, unpowered buildings, or Contaminate may cause inaccurate times.
  • Supply counts are checked every 10 seconds.